 Dungeon Crawl Stone Soup version 0.21-a0-426-g98080a9 (webtiles) character file.

1307 tilp the Chopper (level 8, -7/69 HPs)
             Began as a Deep Dwarf Fighter on Nov 7, 2017.
             Killed by divine providence
             ... invoked by an orc priest
              (9 damage)
             ... on level 7 of the Dungeon.
             The game lasted 00:15:38 (5058 turns).

tilp the Chopper (Deep Dwarf Fighter)               Turns: 5058, Time: 00:15:38

Health: -7/69      AC:  9    Str: 23    XL:     8   Next: 32%
Magic:  5/5        EV: 11    Int:  8    God:
Gold:   218        SH: 10    Dex: 12    Spells: 7/7 levels left

rFire    . . .     SeeInvis .   a - +0 war axe
rCold    . . .     Gourm    .   c - +0 shield
rNeg     + . .     Faith    .   C - +1 scale mail of Nemelex Xobeh's Wrath {rN+ MR+}
rPois    .         Spirit   .   (no helmet)
rElec    .         Reflect  .   n - +0 cloak
rCorr    .         Harm     .   (no gloves)
MR       ++...                  (no boots)
Stlth    ..........             (no amulet)
HPRegen  0.00/turn              (no ring)
MPRegen  0.09/turn              (no ring)

@: non-regenerating
A: damage resistance, heal wounds, sense surroundings 1, no regeneration
a: Heal Wounds


You were on level 7 of the Dungeon.
You were not hungry.

You visited 1 branch of the dungeon, and saw 7 of its levels.

You collected 218 gold pieces.

Inventory:

Hand Weapons
 a - a +0 war axe (weapon)
Missiles
 l - 92 stones (quivered)
 E - 4 tomahawks
Armour
 c - a +0 shield (worn)
 n - a +0 cloak (worn)
 r - a +0 plate armour
 C - the +1 scale mail of Nemelex Xobeh's Wrath (worn) {rN+ MR+}
   (You found it on level 6 of the Dungeon)

   It protects you from negative energy.
   It affects your resistance to hostile enchantments.
Jewellery
 h - a cursed ring of teleportation {unknown}
 k - a +6 ring of intelligence {unknown}
 A - a cursed -3 ring of dexterity {unknown}
Wands
 b - a wand of iceblast (10/15)
 w - a wand of acid (8/15)
Scrolls
 e - 3 scrolls of fog {unknown}
 g - 3 scrolls of teleportation {unknown}
 j - a scroll of fear {unknown}
 m - a scroll of recharging {unknown}
 o - a scroll of remove curse {unknown}
 q - 4 scrolls of identify {unknown}
 v - a scroll of noise {unknown}
 y - 2 scrolls of amnesia {unknown}
 z - a scroll of enchant weapon {unknown}
 D - a scroll of enchant armour {unknown}
Potions
 d - a potion of might
 p - a potion of flight {unknown}
 t - a potion of resistance
 u - a potion of agility {unknown}
 x - 2 potions of lignification {unknown}
 B - a potion of curing
Comestibles
 f - 4 bread rations
 i - 2 meat rations
 s - 2 royal jellies


   Skills:
 - Level 3.1 Fighting
 + Level 6.3 Axes
 - Level 6.0 Armour
 + Level 5.4 Dodging
 - Level 6.0 Shields


You had 7 spell levels left.
You didn't know any spells.

Dungeon Overview and Level Annotations

Branches:
Dungeon (7/15)
 Temple: D:4-7

Altars:
Kikubaaqudgha
Trog

Annotations:
D:2 Sigmund
D:7 2 transporters


Innate Abilities, Weirdness & Mutations

You are resistant to damage.
You can heal yourself by infusing magical energy.
You passively map a small area around you.
You do not regenerate.


Message History

Unknown command.
You slash something!
Reactivating autopickup.
You feel a bit more experienced.
The orc priest invokes the aid of Beogh against you.
Beogh smites you!
* * * LOW HITPOINT WARNING * * *
Unknown command.
You slash the orc wizard!
The orc wizard is severely wounded.
You hit the orc wizard.
The orc wizard is almost dead.
The orc wizard barely misses you.
You hit the orc priest.
The orc priest is moderately wounded.
You hit the orc wizard. The orc priest closely misses you.
The orc wizard miscasts a cantrip.
The orc priest invokes the aid of Beogh against you.
Beogh smites you!
You die...

##.#8P$©$P8#.# #,*
#..#≈.:.([≈#.# #.
##..####+####.# #.#
#...#K≈...≈5#.# #..
#.#.#5≈...≈5#.# *#..
#.#.#.≈≈≈≈≈o#.#
#.###.#.#o≈≈⌠P≈K#.#
#.oo..#.#.≈P≈≈≈.#.#
###@.##.#5≈...≈.#.#
#.###.#.≈...≈.#.# #.#
#.####+####.#
#####.###.#P././.P#.#
#.(.......#8P.©.P8#.#
#....<....#########.#
................©.....#
,
###...............#####
* ############...##


You could see an orc priest and an orc wizard.

Vanquished Creatures
  Prince Ribbit (D:6)
  Edmund (D:6)
  Duvessa (D:6)
  An ice beast (D:5)
  A centaur (D:6)
  A bullfrog (D:5)
  Dowan (D:6)
  A howler monkey (D:4)
  3 crimson imps
  An orc priest (D:2)
  A hound (D:6)
  A gnoll shaman (D:4)
  A jelly (D:5)
  2 orc wizards
  Crazy Yiuf (D:6)
  Natasha (twice) (D:4)
  4 gnolls (D:4)
  11 adders
  A shadow imp (D:5)
  An adder skeleton (D:4)
  5 dart slugs
  9 orcs
  5 giant cockroaches
  4 goblins
  6 hobgoblins
  7 jackals
  8 kobolds
  6 quokkas
  10 bats
  4 frilled lizards
  9 rats
110 creatures vanquished.

Notes
Turn   | Place    | Note
-------+----------+-------------------------------------------
     0 | D:1      | tilp the Deep Dwarf Fighter began the quest for the Orb.
     0 | D:1      | Reached XP level 1. HP: 20/20 MP: 1/1
    93 | D:1      | Reached XP level 2. HP: 28/28 MP: 2/2
   956 | D:2      | Reached XP level 3. HP: 29/34 MP: 3/3
   970 | D:2      | Reached skill level 1 in Dodging
  1126 | D:2      | Noticed Sigmund
  1178 | D:2      | You fall through a shaft!
  1178 | D:3      | Found a bloodstained altar of Trog.
  1194 | D:2      | Reached XP level 4. HP: 34/42 MP: 4/4
  1257 | D:2      | Reached XP level 5. HP: 7/49 MP: 5/5
  1708 | D:3      | You fall through a shaft for 3 floors!
  1728 | D:6      | Noticed a centaur
  1737 | D:6      | HP: 1/49 [centaur (2)]
  1743 | D:6      | Killed a centaur
  1854 | D:6      | Noticed Edmund
  1870 | D:6      | Killed Edmund
  1870 | D:6      | Reached XP level 6. HP: 12/56 MP: 6/6
  1920 | D:6      | Noticed Duvessa
  1923 | D:6      | Noticed Dowan
  1925 | D:5      | Entered Level 5 of the Dungeon
  1926 | D:5      | Reached skill level 5 in Armour
  2177 | D:5      | Reached XP level 7. HP: 40/62 MP: 6/6
  2245 | D:5      | Reached skill level 5 in Axes
  2879 | D:3      | Found an ancient bone altar of Kikubaaqudgha.
  2911 | D:3      | Found a faded altar of an unknown god.
  3076 | D:4      | Reached skill level 5 in Shields
  3324 | D:4      | Noticed Natasha
  3357 | D:4      | Killed Natasha
  3424 | D:4      | Noticed Natasha
  3436 | D:4      | Killed Natasha
  4103 | D:6      | Killed Dowan
  4106 | D:6      | Killed Duvessa
  4106 | D:6      | Reached XP level 8. HP: 15/69 MP: 6/6
  4256 | D:6      | Got a bloodstained scale mail
  4267 | D:6      | Identified the +1 scale mail of Nemelex Xobeh's Wrath {rN+ MR+} (You found it on level 6 of the Dungeon)
  4377 | D:6      | Noticed Prince Ribbit
  4395 | D:6      | Killed Prince Ribbit
  4395 | D:6      | Reached skill level 5 in Dodging
  4428 | D:6      | Found a runed door.
  4869 | D:6      | Noticed Crazy Yiuf
  4874 | D:6      | Killed Crazy Yiuf
  4988 | D:7      | Found a transporter.
  4991 | D:7      | Noticed a kobold demonologist
  5006 | D:7      | Found a transporter.
  5020 | D:7      | Noticed a kobold demonologist
  5055 | D:7      | HP: 2/69 [orc priest/divine providence (13)]
  5058 | D:7      | Killed from afar by an orc priest

Vault maps used:
D:1:      erik_arrival_cave_to_civilisation
D:2:      cheibrodos_pilgrimage, uniq_sigmund
D:3:      marbit_many_paths, bloody_trog, first_bread,
          chequers_ecumenical_altar_simple_redux
D:4:      uniq_natasha
D:6:      lemuel_upstairs_altar, kennysheep_minor_cross, uniq_prince_ribbit1,
          uniq_duvessa, uniq_edmund, uniq_crazy_yiuf_cottage
D:7:      gammafunk_wand_slinger, lemuel_mausoleum_altar_yredelemnul,
          minmay_temple_entry_statues_fountains

Skill      XL: |  1  2  3  4  5  6  7  8 |
---------------+-------------------------+-----
Fighting       | 3 |  3.1
Axes           | 3 4 5 6 |  6.3
Dodging        | 1 2 3 4 5 |  5.4
Armour         | 4 5 6 |  6.0
Shields        | 4 5 6 |  6.0

Action                   |  1- 3 |  4- 6 |  7- 9 || total
-------------------------+-------+-------+-------++-------
Melee: War axe           |   133 |   104 |   228 ||   465
Throw: Stone             |       |       |     9 ||     9
 Abil: Heal Wounds       |       |     4 |     4 ||     8
  Use: Potion            |     2 |       |     1 ||     3
  Eat: Chunk             |     1 |     3 |     9 ||    13
       Fruit             |       |       |     1 ||     1
Armor: Scale mail        |    66 |    54 |    64 ||   184
       Plate armour      |       |       |    31 ||    31
Dodge: Dodged            |    42 |    28 |    95 ||   165
Block: Shield            |    85 |    71 |   110 ||   266

Table legend:
 A = Spawn XP
 B = Non-spawn XP
 C = Spawn XP percentage of total XP
 D = Spawn monster count
 E = Non-spawn monster count
 F = Spawn count percentage of total count
 G = Total turns spent on level
                    A         B        C        D         E        F      G
               +---------+---------+-------+---------+---------+-------+---------
         Total |       0 |    1868 |   0.0 |       0 |     110 |   0.0 |  5058
               +---------+---------+-------+---------+---------+-------+---------
           D:1 |       0 |      40 |   0.0 |       0 |      23 |   0.0 |   992
           D:2 |       0 |     176 |   0.0 |       0 |      24 |   0.0 |   592
           D:3 |       0 |      60 |   0.0 |       0 |      21 |   0.0 |   596
           D:4 |       0 |     256 |   0.0 |       0 |      17 |   0.0 |   860
           D:5 |       0 |     343 |   0.0 |       0 |       7 |   0.0 |   763
           D:6 |       0 |     972 |   0.0 |       0 |      16 |   0.0 |  1181
           D:7 |       0 |      21 |   0.0 |       0 |       2 |   0.0 |    74
               +---------+---------+-------+---------+---------+-------+---------
